 Dungeon Sprint DCSS version 0.31-a0-716-gc7603755dd (webtiles) character file.

Game seed: 10309002094927890353

63 rocky1 the Cudgeller (level 4, -2/48 HPs)
             Began as an Ogre Gladiator on Sept 11, 2023.
             Slain by a phantom (5 damage)
             ... in the Dungeon (Sprint IX: "|||||||||||||||||||||||||||||").
             The game lasted 00:00:55 (151 turns).

rocky1 the Cudgeller (Ogre Gladiator)                Turns: 151, Time: 00:00:56

Health: -2/48      AC:  3    Str: 20    XL:     4   Next: 10%
Magic:  4/4        EV: 11    Int:  9    God:
Gold:   0          SH:  0    Dex: 10    Spells: 3/3 levels left

rFire   . . .        a - +0 flail
rCold   . . .        (no shield)
rNeg    . . .        b - +0 robe
rPois   .            c - +0 hat
rElec   .            (no cloak)
rCorr   .            (gloves unavailable)
SInv    .            (boots unavailable)
Will    .....        (no amulet)
Stlth   +            (no ring)
HPRegen 0.28/turn    (no ring)
MPRegen 0.09/turn

%: no teleportation
@: on berserk cooldown
A: large, unfitting armour, tough skin 1
a: no special abilities


You were in the Dungeon.
You visited 1 branch

Inventory:

Hand Weapons
 a - a +0 flail (weapon)
Missiles
 e - a large rock
Armour
 b - a +0 robe (worn)
 c - a +0 hat (worn)
Scrolls
 k - a scroll of blinking
Potions
 f - a potion of curing
 h - a potion of haste
 i - 2 potions of magic


   Skills:
 + Level 4.1 Fighting
 + Level 5.3 Maces & Flails
 + Level 3.1 Throwing
 + Level 4.9 Dodging


You had 3 spell levels left.
You didn't know any spells.
Your spell library was empty.

Dungeon Overview and Level Annotations

Branches:
Dungeon (1/1)

Altars:


Innate Abilities, Weirdness & Mutations

You are too large for most types of armour.
You have tough skin. (AC +1)


Message History

The throwing net closely misses the hound.
The throwing net barely misses the orc.
The phantom hits you.
You barely miss the phantom.
The phantom hits you but does no damage.
The phantom closely misses you.
You completely miss the phantom. The phantom hits you.
* * * LOW HITPOINT WARNING * * *
The phantom hits you.
* * * LOW HITPOINT WARNING * * *
You barely miss the phantom.
The phantom hits you but does no damage.
You closely miss the phantom. The phantom hits you.
* * * LOW HITPOINT WARNING * * *
The phantom hits you.
* * * LOW HITPOINT WARNING * * *
You hit the phantom but do no damage. The phantom barely misses you. x2
You closely miss the phantom.
The phantom hits you but does no damage.
You hit the phantom.
The phantom is lightly damaged.
The phantom hits you.
* * * LOW HITPOINT WARNING * * *
The phantom hits you but does no damage.
You thump the phantom!
The phantom is heavily damaged.
The phantom hits you.
* * * LOW HITPOINT WARNING * * *
The phantom hits you but does no damage.
You thump the phantom!
The phantom is almost destroyed.
The phantom hits you.
* * * LOW HITPOINT WARNING * * *
The orc suddenly complains.
You closely miss the phantom.
The phantom is almost destroyed.
You feel yourself speed up.
The phantom hits you but does no damage.
The phantom hits you.
You die...

▓+▓
▓(▓
▓.▓
▓.▓
▓o▓
▓h▓
▓W▓
▓@▓
▓.▓
▓.▓
▓.▓
▓.▓
▓)▓
▓.▓
▓.▓
▓.▓


You could see a phantom, a hound and an orc.

Vanquished Creatures
  2 hounds (D)
  A quokka (D)
  A bat (D)
  A kobold (D)
  2 rats (D)
7 creatures vanquished.

Notes
Turn   | Place    | Note
-------+----------+-------------------------------------------
     0 | D        | rocky1 the Ogre Gladiator began the quest for the Orb.
     0 | D        | Reached XP level 1. HP: 22/22 MP: 1/1
     7 | D        | Reached skill level 3 in Maces & Flails
   116 | D        | Noticed a hound
   116 | D        | Noticed a phantom
   116 | D        | Noticed a hound
   116 | D        | Noticed a hound
   124 | D        | Killed a hound
   125 | D        | Reached skill level 4 in Maces & Flails
   125 | D        | Reached XP level 2. HP: 22/32 MP: 2/2
   125 | D        | Reached XP level 3. HP: 27/39 MP: 3/3
   140 | D        | Reached skill level 5 in Maces & Flails
   140 | D        | Reached XP level 4. HP: 3/48 MP: 4/4
   150 | D        | HP: 2/48 [phantom (1)]
   151 | D        | Slain by a phantom

Illustrated notes

Levels and vault maps discovered:
D:        linesprint [early_d, line_temple, items_1, d_10, items_2, lair_1,
          lair_end, items_3, orc_1, orc_end, items_4, d_15, swamp_1, shoals_1,
          snake_1, spider_1, d_20, vaults_1, items_5, swamp_end, shoals_end,
          snake_end, spider_end, vaults_end, d_27, items_6, zot_1, zot_end,
          crypt_end, forest_end, elf_end, slime_end, tomb_end, abyss_end,
          pan_hell_end]

Skill      XL: |  1  2  3 |
---------------+----------+-----
Maces & Flails | 4 5 |  5.3
Dodging        | 4 |  4.9
Fighting       | 3 4 |  4.1
Throwing       | 3 |  3.1

Action                     |  1- 3 |  4- 6 || total
---------------------------+-------+-------++-------
  Melee: Flail             |    26 |    10 ||    36
  Throw: Throwing net      |     2 |     1 ||     3
    Use: Potion            |     1 |     1 ||     2
 Armour: Robe              |    21 |    16 ||    37
  Dodge: Dodged            |    12 |     3 ||    15

Table legend: (Time is in decaauts)
 A = Elapsed time spent in this place.
 B = Non-inter-level travel time spent in this place.
 C = Inter-level travel time spent in this place.
 D = Time resting spent in this place.
 E = Time spent auto-exploring this place.
 F = Levels seen in this place.
 G = Mean time per level.
                   A        B        C        D        E       F      G
               +--------+--------+--------+--------+--------+-----+--------+
         Total |    157 |    157 |      0 |    100 |      0 |   1 |  157.0 |
       Dungeon |    157 |    157 |      0 |    100 |      0 |   1 |  157.0 |
               +--------+--------+--------+--------+--------+-----+--------+

Top non-repeatable levels by time:
       D: 157 daAuts
